 Dungeon Crawl Stone Soup version 0.17.2 (webtiles) character file.

189414 magipi the Severer (level 18, -8/103 HPs)
             Began as a Gargoyle Berserker on June 28, 2016.
             Was a High Priest of Trog.
             Killed from afar by Roxanne (44 damage)
             ... with an iron shot
             ... on level 2 of the Spider Nest.
             The game lasted 03:13:12 (29164 turns).

magipi the Severer (Gargoyle Berserker)            Turns: 29164, Time: 03:13:12

Health: -8/103     AC: 34    Str: 24    XL:     18   Next: 13%
Magic:  28/28      EV: 18    Int:  9    God:    Trog [*****.]
Gold:   1381       SH:  0    Dex: 17    Spells: 0 memorised, 17 levels left

rFire  . . .     SeeInvis .     b - +2 battleaxe (flame)
rCold  + + .     Clarity  +     I - +4 ring mail {rC+}
rNeg   + . .     SustAt   +     (shield currently unavailable)
rPois  ∞         Gourm    .     W - +2 helmet {rC+}
rElec  +         Spirit   .     Y - +1 cloak {rPois}
rCorr  .         Warding  .     S - +0 pair of gloves of Narcissism {Str+2}
rMut   .         Stasis   .     j - +0 pair of boots
MR     +....                    i - amulet of clarity
Stlth  +.........               d - +2 ring of dexterity
                                U - ring of sustain attributes

@: flying, studying Evocations, somewhat resistant to hostile enchantments, very
unstealthy
A: big wings, negative energy resistance 1, electricity resistance, unbreathing,
petrification resistance, rot immunity, AC +13
a: Stop Flying, Berserk, Trog's Hand, Brothers in Arms, Burn Spellbooks,
Renounce Religion
}: 1/15 runes: decaying


You were on level 2 of the Spider Nest.
You worshipped Trog.
Trog was extremely pleased with you.
You were full.

You visited 6 branches of the dungeon, and saw 35 of its levels.
You also visited: Labyrinth and Ice Cave.

You collected 3132 gold pieces.
You spent 1751 gold pieces at shops.

Inventory:

Hand Weapons
 a - a +3 battleaxe of freezing
 b - a +2 battleaxe of flaming (weapon)
 n - a +0 blowgun
Missiles
 g - 8 poisoned javelins (quivered)
 m - 146 poisoned needles
 L - 11 curare-tipped needles
 O - 7 throwing nets
 V - 5 javelins of penetration
Armour
 j - a +0 pair of boots (worn)
 I - a +4 ring mail of cold resistance (worn)
 S - the +0 pair of gloves of Narcissism (worn) {Str+2}
   (You found it on level 11 of the Dungeon)

   It affects your strength (+2).
 W - a +2 helmet of cold resistance (worn)
 Y - a +1 cloak of poison resistance (worn)
Jewellery
 d - a +2 ring of dexterity (right hand)
 i - an amulet of clarity (around neck)
 t - an uncursed ring of teleportation
 U - a ring of sustain attributes (left hand)
Wands
 C - a wand of fireball (5)
 D - a wand of paralysis (6)
 G - a wand of fireball (10)
 H - a wand of polymorph (13)
 J - a wand of disintegration (18)
 M - a wand of lightning (7)
 P - a wand of enslavement (9)
 R - a wand of teleportation (4)
 T - a wand of disintegration (1)
Scrolls
 h - 10 scrolls of remove curse
 l - 2 scrolls of enchant weapon
 p - 5 scrolls of identify
 r - 5 scrolls of magic mapping
 u - 3 scrolls of recharging
 v - a scroll of fear
 x - 8 scrolls of teleportation
 K - a scroll of fog
 N - 2 scrolls of blinking
 Q - a scroll of summoning
Potions
 e - 11 potions of might
 f - 2 potions of invisibility
 q - 14 potions of curing
 w - a potion of agility
 z - 3 potions of heal wounds
 A - 2 potions of resistance
 B - 4 potions of haste
Books
 E - a manual of Evocations
Miscellaneous
 F - a phantom mirror
 Z - a box of beasts
Comestibles
 c - 10 bread rations
 k - 9 meat rations


   Skills:
 - Level 8.2 Fighting
 + Level 18.3 Axes
 - Level 11.0 Throwing
 - Level 12.1 Armour
 + Level 10.1 Dodging
 + Level 14.1 Evocations


You had 17 spell levels left.
You didn't know any spells.

Dungeon Overview and Level Annotations

Branches:
Dungeon (15/15)            Temple (1/1) D:4            Lair (8/8) D:11
  Swamp (4/4) Lair:6       Spider (3/4) Lair:6        Slime (0/6) Lair:7
    Orc (4/4) D:9             Elf (0/3) Orc:4        Vaults (0/5) D:14
 Depths (0/5) D:15

Altars:
Ashenzari
Cheibriados
Dithmenos
Elyvilon
Fedhas
Gozag
Kikubaaqudgha
Makhleb
Nemelex Xobeh
Okawaru
Qazlal
Ru
Sif Muna
Trog
Vehumet
Xom
Yredelemnul
Zin
The Shining One

Shops:
D:12 (   Orc:1 !   Orc:2 %   Orc:4 }([*

Annotations:
Lair:1 Nergalle
Lair:7 exclusion: 2 oklob plants
Spider:2 exclusion: Roxanne, Roxanne


Innate Abilities, Weirdness & Mutations

You are resistant to torment.
Your stone body is resilient (AC +13).
You are immune to poison.
Your large and strong wings let you fly indefinitely.
You resist negative energy.
You are resistant to electric shocks.
You can survive without breathing.
You are immune to petrification.
You are immune to rotting.


Message History

You found a web!
There is a stone staircase leading down here.
Eat which item? (? for menu, Esc to quit)
You continue eating. x2
You finish eating.
That meat ration really hit the spot!
You fly downwards. 5 spiders, a moth of wrath and a demonic crawler come into view.
The moth of wrath's fur bristles in rage as it notices you.
The spider hisses angrily.
The demonic crawler gives a hideous shriek!
The tarantella hisses angrily.
The spider hisses angrily.
The moth of wrath goads the spider on!
The spider goes berserk!
The spider bites you.
A wolf spider comes into view.
The wolf spider hisses angrily.
Found 4 stones and a long sword.
A spider, a tarantella and a redback come into view.
There is a stone staircase leading up here.
The spider misses you. The spider barely misses you.
The spider bites you but does no damage.
You fly upwards.
Level annotation: exclusion: Roxanne, Roxanne
There is a stone staircase leading down here.
Unknown command.
You hit the spider but do no damage. You hit the spider. You burn the spider.
The spider is moderately wounded.
The spider closely misses you.
The spider bites you but does no damage.
Unknown command.
You slash the spider! You burn the spider.
The spider is severely wounded.
You barely miss the spider.
The spider is moderately wounded.
The spider barely misses you. The spider bites you!
The spider bites you but does no damage.
The spider barely misses you.
You slice the spider!! You burn the spider.
You kill the spider!
Trog accepts your kill.
You completely miss the spider.
The spider is moderately wounded.
The spider bites you.
Unknown command.
You slice the spider!! You burn the spider.
You kill the spider!
Trog accepts your kill.
You see here a spider corpse.
Unknown command.
You see here 28 stones.
You now have 1381 gold pieces (gained 10).
Your ogre goes berserk!
You feel somewhat less full.
Unknown command.
Really fly into a travel-excluded area?
Unknown command.
You slash Roxanne! You burn Roxanne.
Roxanne is lightly damaged.
Unknown command.
You hit Roxanne.
Roxanne is lightly damaged.
Unknown command.
You hit Roxanne.
Roxanne is lightly damaged.
You hit Roxanne but do no damage.
Roxanne is lightly damaged.
Your ogre rages.
You hit Roxanne.
Roxanne is lightly damaged.
You slash Roxanne!
Roxanne is lightly damaged.
What do you say? t - Shout!
Orders for allies: a - Attack new target. r - Retreat! s - Stop attacking. w - Wait here. f - Follow me.
Anything else - Stay silent.
Gang up on whom?
Press: ? - help, Dir - move target cursor, f - Roxanne
Aim: Roxanne (lightly damaged) Attack!
Roxanne mumbles some strange words.
The iron shot hits you!
Unknown command.
You hit Roxanne.
Roxanne is moderately damaged.
Unknown command.
You slash Roxanne!
Roxanne is moderately damaged.
Unknown command.
You hit Roxanne but do no damage.
Roxanne is moderately damaged.
Unknown command.
You hit Roxanne.
Roxanne is moderately damaged.
Unknown command.
You hit Roxanne but do no damage.
Roxanne is moderately damaged.
Roxanne casts a spell.
The iron shot hits you!
You die...

##.........#.......#.......#..##
.....##....#.......#..#.^#.....#
..............##.#....#..^##.^.#
.....#.#..#........#...#.#######
..#.......#..#^#.#.^#....#
....#..#..^#......##.#.###
#..#....#.....#....[?.^.#
.#...##........#.#.....##
..#.#^....#../..@......#
...#.......#....O8...###
##.........#..#..^.#.#
#..#.#.............##
###.#....#.#..#....#
###.....#..#..### ..#.#.....##
###<^...## #...###


You could see Roxanne and a friendly ogre (berserk).

Vanquished Creatures
  Gastronok (Lair:3)
  An azure jelly (Swamp:4)
  Maud (Lair:3)
  Aizul (Swamp:1)
  Snorg (Lair:7)
  4 vault guards (D:14)
  An ettin (D:15)
  Josephine (Lair:6)
  Harold (Lair:1)
  10 hydras
  8 alligators
  Erica (D:8)
  3 centaur warriors
  3 ice dragons (Swamp:4)
  6 catoblepae
  5 ogre magi
  A ghost crab (Swamp:1)
  26 death yaks
  A tengu warrior (D:14)
  Urug (Lair:1)
  5 skeletal warriors (D:11)
  5 unseen horrors
  4 swamp dragons
  2 deep trolls (Orc:4)
  A necromancer (IceCv)
  3 shambling mangroves
  7 hill giants
  3 griffons
  A wolf spider zombie (D:15)
  5 orc sorcerers
  5 hornets
  5 orb spiders (Spider:2)
  11 wolf spiders
  An orc knight (Orc:1)
  8 ugly things
  4 manticores
  A wizard (D:14)
  5 cyclopes
  4 black mambas
  16 elephants
  Joseph (D:7)
  3 centaur zombies
  An ice statue (IceCv)
  A torpor snail (Spider:1)
  20 spiny frogs
  A yaktaur (D:15)
  3 demonic crawlers
  14 freezing wraiths
  8 jumping spiders
  6 polar bears
  10 komodo dragons
  2 fire drakes (Lair:4)
  16 trolls
  3 bog bodies
  7 giant leeches
  18 slime creatures
  14 blink frogs
  10 two-headed ogres
  5 trapdoor spiders
  20 redbacks
  3 shadows
  7 tarantellas
  47 yaks
  5 spriggans
  5 hungry ghosts
  4 deep elf magi
  A basilisk (shapeshifter) (D:15)
  7 hippogriffs
  5 wraiths (Lair:6)
  21 vampire mosquitoes
  2 fire elementals (D:14)
  2 swamp worm simulacra (Swamp:4)
  14 water moccasins
  3 wargs
  22 swamp worms
  21 wolves
  21 insubstantial wisps
  A basilisk (Lair:3)
  3 death yak simulacra (IceCv)
  23 orc warriors
  3 swamp drakes
  16 hydra simulacra (Swamp:4)
  Duvessa (D:6)
  2 sky beasts
  9 black bears
  25 ogres
  17 ice beasts
  14 porcupines
  17 spiders
  4 phantoms
  3 centaurs
  12 wasps
  15 crocodiles
  A gnoll sergeant (D:11)
  7 big kobolds
  24 giant frogs
  A wyvern zombie (D:14)
  7 scorpions
  2 wyvern skeletons
  Dowan (D:6)
  8 killer bees
  A swamp dragon simulacrum (IceCv)
  The ghost of Goblin1989 the Poker, a weakling DsGl (D:3)
  3 wights (D:8)
  A wasp zombie (D:12)
  3 crimson imps
  2 electric eels
  A giant frog zombie (D:12)
  4 jellies
  Crazy Yiuf (D:5)
  11 iguanas
  25 orc priests
  8 hounds
  26 orc wizards
  6 centaur skeletons
  2 gnoll shamans
  3 draconian simulacra (IceCv)
  4 giant frog skeletons
  5 troll simulacra (IceCv)
  11 worker ants
  2 spriggan simulacra (IceCv)
  14 sheep (Lair:2)
  2 centaur simulacra (IceCv)
  5 naga simulacra (IceCv)
  A hound skeleton (D:4)
  18 gnolls
  69 river rats
  A worker ant zombie (D:7)
  3 ogre simulacra (IceCv)
  14 adders
  4 shadow imps
  12 white imps (IceCv)
  3 swamp drake simulacra (Swamp:4)
  An adder zombie (D:5)
  An adder skeleton (D:4)
  A worm (D:2)
  8 giant geckos
  170 orcs
  9 bats
  9 goblins
  9 hobgoblins
  10 jackals
  39 kobolds
  5 quokkas
  6 giant cockroaches
  A giant gecko skeleton (D:3)
  5 giant newts
  A quokka skeleton (D:4)
  8 rats
  4 fungi
  A plant (Lair:8)
1296 creatures vanquished.

Vanquished Creatures (collateral kills)
  Asterion (Spider:1)
  A minotaur (Lab)
  An entropy weaver (Spider:1)
  5 death yaks
  A spriggan druid (Swamp:4)
  A wolf spider (Spider:1)
  A komodo dragon (Lair:5)
  A minotaur zombie (Lab)
  A giant leech (Swamp:4)
  A redback (Spider:1)
  4 yaks (Lair:8)
  A swamp worm (Swamp:2)
  A wasp (Swamp:2)
  3 sheep (Lair:8)
23 creatures vanquished.

Vanquished Creatures (others)
  A bog body (Swamp:2)
  A swamp worm (Swamp:4)
  A hydra simulacrum (Swamp:4)
  8 fungi
  12 plants
23 creatures vanquished.

Grand Total: 1342 creatures vanquished

Notes
Turn   | Place    | Note
--------------------------------------------------------------
     0 | D:1      | magipi the Gargoyle Berserker began the quest for the Orb.
     0 | D:1      | Reached XP level 1. HP: 14/14 MP: 1/1
   142 | D:1      | Reached XP level 2. HP: 13/19 MP: 2/2
   548 | D:2      | Reached ** piety under Trog
   548 | D:2      | Reached XP level 3. HP: 21/23 MP: 3/3
   682 | D:2      | Reached skill level 4 in Axes
   731 | D:2      | Reached XP level 4. HP: 28/28 MP: 4/4
  1491 | D:3      | Noticed Goblin1989's ghost (weakling DsGl)
  1511 | D:3      | Killed Goblin1989's ghost
  1511 | D:3      | Reached skill level 5 in Axes
  1511 | D:3      | Reached XP level 5. HP: 32/32 MP: 5/5
  1590 | D:3      | Reached *** piety under Trog
  1795 | D:3      | Found a sparkling altar of Nemelex Xobeh.
  2149 | D:4      | Found a staircase to the Ecumenical Temple.
  2156 | Temple   | Entered the Ecumenical Temple
  2359 | D:4      | Got an ancient ring mail
  2385 | D:4      | Identified the cursed +1 ring mail of Indemnity {rN++ MR+} (You found it on level 4 of the Dungeon)
  2502 | D:4      | Reached XP level 6. HP: 33/37 MP: 6/6
  2655 | D:4      | Reached skill level 6 in Axes
  2846 | D:5      | Entered Level 5 of the Dungeon
  3286 | D:5      | Noticed Crazy Yiuf
  3290 | D:5      | Killed Crazy Yiuf
  3403 | D:5      | Found a bloodstained altar of Trog.
  3674 | D:6      | Reached skill level 7 in Axes
  3674 | D:6      | Reached XP level 7. HP: 38/41 MP: 7/7
  3742 | D:6      | Noticed Duvessa
  3742 | D:6      | Noticed Dowan
  3747 | D:6      | Killed Dowan
  3747 | D:6      | Killed Duvessa
  3934 | D:6      | Reached skill level 8 in Axes
  4080 | D:7      | Found an opulent altar of Gozag.
  4274 | D:7      | Reached **** piety under Trog
  4274 | D:7      | Reached XP level 8. HP: 43/46 MP: 8/8
  4571 | D:7      | Found a stormy altar of Qazlal.
  4642 | D:7      | Noticed Joseph
  4756 | D:7      | Killed Joseph
  4756 | D:7      | Reached skill level 9 in Axes
  5092 | D:7      | Reached skill level 10 in Axes
  5543 | D:8      | Reached XP level 9. HP: 45/51 MP: 9/9
  5605 | D:8      | Noticed Erica
  5619 | D:8      | Killed Erica
  5619 | D:8      | Reached skill level 11 in Axes
  5768 | D:8      | You fall through a shaft!
  5768 | D:9      | Found a snail-covered altar of Cheibriados.
  5768 | D:9      | Found a shattered altar of Ashenzari.
  5768 | D:9      | Found a shadowy altar of Dithmenos.
  5959 | D:9      | Reached skill level 12 in Axes
  6017 | D:9      | Reached ***** piety under Trog
  6246 | D:8      | Reached XP level 10. HP: 34/56 MP: 10/10
  6888 | D:9      | Reached skill level 13 in Axes
  6919 | D:9      | HP: 1/56 [yak (11)]
  6933 | D:9      | Received a gift from Trog
  7367 | D:9      | Found a staircase to the Orcish Mines.
  7624 | D:10     | Entered Level 10 of the Dungeon
  8126 | D:11     | Found a staircase to the Lair.
  8217 | D:11     | Reached skill level 14 in Axes
  8250 | D:11     | Reached XP level 11. HP: 58/62 MP: 11/11
  8293 | D:11     | Reached skill level 5 in Fighting
  8505 | D:11     | Noticed a hill giant
  8556 | D:11     | Killed an unseen horror
  8556 | D:11     | Reached skill level 5 in Armour
  8573 | D:11     | Received a gift from Trog
  8693 | D:11     | Killed a hill giant
  8839 | D:11     | Got a pair of heavily runed gloves
  8845 | D:11     | Identified the cursed +0 pair of gloves of Narcissism {Str+2} (You found it on level 11 of the Dungeon)
  8993 | D:11     | Noticed a skeletal warrior
  9017 | D:11     | Killed a skeletal warrior
  9040 | D:11     | Noticed a skeletal warrior
  9086 | D:11     | Killed a skeletal warrior
  9232 | D:11     | Noticed a skeletal warrior
  9232 | D:11     | Noticed a skeletal warrior
  9260 | D:11     | Killed a skeletal warrior
  9269 | D:11     | Killed a skeletal warrior
  9434 | D:12     | Reached skill level 1 in Evocations
  9677 | D:12     | Killed an unseen horror
  9729 | D:12     | Reached XP level 12. HP: 67/74 MP: 13/13
  9948 | D:12     | Killed an unseen horror
 10064 | D:12     | Killed an unseen horror
 10296 | D:12     | Reached skill level 5 in Evocations
 10324 | D:12     | Reached skill level 10 in Armour
 10489 | D:12     | Found Xuziam's Weapon Emporium.
 10776 | Orc:1    | Entered Level 1 of the Orcish Mines
 10878 | Orc:1    | Received a gift from Trog
 11126 | Orc:2    | Found Miekk's Food Emporium.
 11128 | Orc:2    | Paralysed by an orc sorcerer for 3 turns
 11290 | Orc:3    | Found a frozen archway.
 11385 | IceCv    | Entered an ice cave
 11822 | IceCv    | Reached XP level 13. HP: 78/78 MP: 18/18
 11877 | IceCv    | Found an ancient bone altar of Kikubaaqudgha.
 12922 | Orc:3    | Received a gift from Trog
 13113 | Orc:4    | Entered Level 4 of the Orcish Mines
 13500 | Orc:1    | Found Rizismu's Distillery.
 13534 | Orc:1    | Bought a potion of curing for 39 gold pieces
 13534 | Orc:1    | Bought 2 potions of degeneration for 26 gold pieces
 13534 | Orc:1    | Bought a potion of curing for 39 gold pieces
 13590 | Orc:1    | Bought a potion of berserk rage for 65 gold pieces
 13590 | Orc:1    | Bought 2 potions of brilliance for 104 gold pieces
 13590 | Orc:1    | Bought a potion of might for 52 gold pieces
 13590 | Orc:1    | Bought 3 potions of might for 156 gold pieces
 14025 | Orc:4    | Reached ****** piety under Trog
 14025 | Orc:4    | Received a gift from Trog
 14319 | Orc:4    | Found Doodeo's Antique Weapon Shop.
 14320 | Orc:4    | Found Myrrurew's Assorted Antiques.
 14599 | Orc:4    | Found Moshap's Gadget Shoppe.
 14601 | Orc:4    | Found Inleid's Antique Armour Emporium.
 14721 | Orc:4    | Bought a scroll labeled MIOBUM NOSHISI for 33 gold pieces
 14721 | Orc:4    | Bought a potion of heal wounds for 165 gold pieces
 14738 | Orc:4    | Bought a wand of lightning (8) for 180 gold pieces
 14738 | Orc:4    | Bought a wand of teleportation (4) for 360 gold pieces
 14738 | Orc:4    | Bought a wand of flame (13) for 112 gold pieces
 14738 | Orc:4    | Bought a box of beasts for 300 gold pieces
 14832 | Orc:4    | Found a staircase to the Elven Halls.
 15026 | D:11     | Noticed a skeletal warrior
 15037 | D:11     | Killed a skeletal warrior
 15044 | Lair:1   | Entered Level 1 of the Lair of Beasts
 15051 | Lair:1   | Noticed Urug
 15064 | Lair:1   | Killed Urug
 15140 | Lair:1   | Received a gift from Trog
 15140 | Lair:1   | Reached skill level 10 in Evocations
 15216 | Lair:1   | Noticed Nergalle
 15246 | Lair:1   | Noticed Harold
 15260 | Lair:1   | Reached skill level 1 in Throwing
 15265 | Lair:1   | Killed Harold
 15265 | Lair:1   | Gained mutation: Your large and strong wings let you fly indefinitely. [Gargoyle growth]
 15265 | Lair:1   | Reached XP level 14. HP: 84/84 MP: 21/21
 15328 | Lair:1   | Reached skill level 15 in Axes
 15967 | Lair:2   | Got a clouded bronze ring
 15968 | Lair:2   | Identified the ring of Charity {Wiz rPois} (You found it on level 2 of the Lair of Beasts)
 16092 | Lair:2   | Received a gift from Trog
 16517 | Lair:3   | Reached skill level 5 in Throwing
 16523 | Lair:3   | Noticed Maud
 16539 | Lair:3   | Killed Maud
 16553 | Lair:3   | Noticed Gastronok
 16917 | Lair:3   | Killed Gastronok
 17225 | Orc:4    | Received a gift from Trog
 17253 | Orc:4    | Bought a shiny ring mail for 120 gold pieces
 18537 | Lair:5   | Reached skill level 16 in Axes
 18701 | Lair:5   | Reached XP level 15. HP: 78/88 MP: 22/22
 19088 | Lair:6   | Received a gift from Trog
 19225 | Lair:6   | Noticed Josephine
 19249 | Lair:6   | Killed Josephine
 19325 | Lair:6   | Found a staircase to the Swamp.
 19403 | Lair:7   | Found a staircase to the Slime Pits.
 19474 | Lair:7   | Noticed Snorg
 19494 | Lair:7   | Killed Snorg
 19578 | Lair:7   | Found an ancient bone altar of Kikubaaqudgha.
 19722 | Lair:7   | Reached skill level 5 in Dodging
 20184 | Lair:8   | Entered Level 8 of the Lair of Beasts
 20187 | Lair:8   | Received a gift from Trog
 20705 | Lair:8   | Reached XP level 16. HP: 54/93 MP: 23/23
 20708 | Lair:8   | Received a gift from Trog
 21215 | Lair:6   | Found a hole to the Spider Nest.
 21403 | D:13     | Got a spiked leather armour
 21424 | D:12     | Identified the +2 leather armour of Spite {Dex+3} (You found it on level 13 of the Dungeon)
 21521 | D:13     | Reached skill level 17 in Axes
 22190 | D:13     | Reached skill level 10 in Throwing
 22231 | D:14     | Received a gift from Trog
 22465 | D:15     | Entered Level 15 of the Dungeon
 22469 | D:15     | Found a labyrinth entrance.
 22482 | Lab      | Entered a labyrinth
 22900 | Lab      | Got an ancient pewter amulet
 22900 | Lab      | Identified Huzimonu's Papyrus of Moulding and Envenoming
 23357 | D:15     | Found a staircase to the Depths.
 23860 | D:14     | Found a gate to the Vaults.
 24327 | Swamp:1  | Entered Level 1 of the Swamp
 24713 | Swamp:1  | Noticed Aizul
 24745 | Swamp:1  | Killed Aizul
 24745 | Swamp:1  | Reached XP level 17. HP: 69/97 MP: 25/25
 24856 | Swamp:1  | Received a gift from Trog
 25143 | Swamp:2  | Identified the amulet of Nappotomp {Clar +Fly} (You found it in a labyrinth)
 25184 | Swamp:2  | Received a gift from Trog
 25402 | Swamp:2  | Received a gift from Trog
 26282 | Swamp:3  | Received a gift from Trog
 26615 | Swamp:4  | Entered Level 4 of the Swamp
 27482 | Swamp:4  | Reached skill level 18 in Axes
 27610 | Swamp:4  | Received a gift from Trog
 27804 | Swamp:4  | Got a decaying rune of Zot
 27996 | Spider:1 | Entered Level 1 of the Spider Nest
 28266 | Spider:1 | Noticed Asterion
 28276 | Spider:1 | Killed Asterion
 28668 | Spider:2 | Reached XP level 18. HP: 66/103 MP: 28/28
 28713 | Spider:2 | Noticed Roxanne
 28731 | Spider:2 | Reached skill level 10 in Dodging
 28829 | Spider:2 | Received a gift from Trog
 29164 | Spider:2 | Killed from afar by Roxanne

Action                   |  1- 3 |  4- 6 |  7- 9 | 10-12 | 13-15 | 16-18 || total
-------------------------+-------+-------+-------+-------+-------+-------++-------
Melee: Hand axe          |   109 |   153 |   143 |   785 |   125 |       ||  1315
       War axe           |       |    74 |   190 |       |       |       ||   264
       Broad axe         |       |       |       |   264 |       |       ||   264
       Battleaxe         |       |       |       |       |  1333 |  1428 ||  2761
 Fire: Blowgun           |       |       |       |       |    15 |       ||    15
Throw: Javelin           |       |       |     4 |       |       |       ||     4
       Tomahawk          |       |       |     1 |       |       |       ||     1
Invok: Berserk           |     1 |     3 |     7 |    21 |    16 |     4 ||    52
       Trog's Hand       |       |     1 |     1 |     8 |    10 |     8 ||    28
       Brothers in Arms  |       |       |       |       |     4 |     6 ||    10
 Abil: Fly               |       |       |       |       |       |     4 ||     4
Evoke: Wand              |       |       |     4 |     2 |    37 |    52 ||    95
  Use: Scroll            |       |    13 |       |     7 |    19 |     4 ||    43
       Potion            |       |       |     1 |     2 |     1 |       ||     4
 Stab: Paralysed         |       |       |       |       |    12 |    16 ||    28
       Distracted        |       |       |       |       |     1 |       ||     1
       Petrified         |       |       |       |       |       |     2 ||     2
       Confused          |       |       |       |       |       |     1 ||     1
  Eat: Chunk             |     1 |     7 |     4 |    27 |    29 |     4 ||    72
       Fruit             |       |     3 |       |     4 |     2 |     1 ||    10
       Royal jelly       |       |     1 |     1 |       |       |       ||     2
       Pizza             |       |     1 |       |       |     2 |     1 ||     4
       Bread ration      |       |       |     1 |     2 |     2 |     1 ||     6
       Meat ration       |       |       |     1 |       |       |     7 ||     8
       Beef jerky        |       |       |       |     7 |     3 |       ||    10

Action                   |  1- 3 |  4- 6 |  7- 9 | 10-12 | 13-15 | 16-18 || total
-------------------------+-------+-------+-------+-------+-------+-------++-------
Melee: Hand axe          |   109 |   153 |   143 |   785 |   125 |       ||  1315
       War axe           |       |    74 |   190 |       |       |       ||   264
       Broad axe         |       |       |       |   264 |       |       ||   264
       Battleaxe         |       |       |       |       |  1333 |  1428 ||  2761
 Fire: Blowgun           |       |       |       |       |    15 |       ||    15
Throw: Javelin           |       |       |     4 |       |       |       ||     4
       Tomahawk          |       |       |     1 |       |       |       ||     1
Invok: Berserk           |     1 |     3 |     7 |    21 |    16 |     4 ||    52
       Trog's Hand       |       |     1 |     1 |     8 |    10 |     8 ||    28
       Brothers in Arms  |       |       |       |       |     4 |     6 ||    10
 Abil: Fly               |       |       |       |       |       |     4 ||     4
Evoke: Wand              |       |       |     4 |     2 |    37 |    52 ||    95
  Use: Scroll            |       |    13 |       |     7 |    19 |     4 ||    43
       Potion            |       |       |     1 |     2 |     1 |       ||     4
 Stab: Paralysed         |       |       |       |       |    12 |    16 ||    28
       Distracted        |       |       |       |       |     1 |       ||     1
       Petrified         |       |       |       |       |       |     2 ||     2
       Confused          |       |       |       |       |       |     1 ||     1
  Eat: Chunk             |     1 |     7 |     4 |    27 |    29 |     4 ||    72
       Fruit             |       |     3 |       |     4 |     2 |     1 ||    10
       Royal jelly       |       |     1 |     1 |       |       |       ||     2
       Pizza             |       |     1 |       |       |     2 |     1 ||     4
       Bread ration      |       |       |     1 |     2 |     2 |     1 ||     6
       Meat ration       |       |       |     1 |       |       |     7 ||     8
       Beef jerky        |       |       |       |     7 |     3 |       ||    10
